[Event "December 12 Early 2023"]
[Site "https://www.chess.com"]
[Date "2023.12.12"]
[Round "2"]
[White "Arslanov, Shamil"]
[Black "Liu, Casper"]
[Result "1-0"]
[Board "83"]
[TimeControl "180+1"]
[WhiteFideId "4192826"]
[BlackFideId "1454153"]
[WhiteElo "2719"]
[BlackElo "2461"]
[WhiteTeam "RUS"]
[BlackTeam "DEN"]
[WhiteClock "0:01:48"]
[BlackClock "0:01:41"]

1. e4 c6 2. d4 d5 3. Nc3 dxe4 4. Bc4 Nf6 5. f3 exf3 6. Nxf3 Bf5 7. O-O e6 8. Ng5 Bg6 9. Bxe6 fxe6 10. Nxe6 Qc8 11. Bg5 Be7 12. Nxg7+ Kf7 13. Nh5 Bf5 14. Nxf6 Bxf6 15. Qh5+ Kg7 16. Bh6+ Kg8 17. Rxf5 Nd7 18. Qg4+ Kf7 19. Qg7+ Ke6 20. Re1+ Kxf5 21. g4# 1-0

[Event "December 12 Early 2023"]
[Site "https://www.chess.com"]
[Date "2023.12.12"]
[Round "2"]
[White "Foerster-Yialamas, Lucas"]
[Black "Novozhilov, Semen"]
[Result "0-1"]
[Board "84"]
[TimeControl "180+1"]
[WhiteFideId "30901774"]
[BlackFideId "24289167"]
[WhiteElo "2459"]
[BlackElo "2719"]
[WhiteTeam "GER"]
[BlackTeam "RUS"]
[WhiteClock "0:01:00"]
[BlackClock "0:01:03"]

1. e4 c5 2. Nf3 Nc6 3. d4 cxd4 4. Nxd4 Nf6 5. Nc3 d6 6. f3 e5 7. Nb3 Be7 8. Be3 Be6 9. Qd2 d5 10. O-O-O d4 11. Qe1 Qc8 12. Nd5 dxe3 13. Qxe3 O-O 14. g4 Nxd5 15. exd5 Nb4 16. Qe4 f5 17. Qe2 Bxd5 18. Rxd5 Nxd5 19. Qc4 Bg5+ 20. Kb1 Rd8 21. gxf5 Qxc4 22. Bxc4 Kh8 23. Nc5 Ne3 24. Bb3 Bf4 25. Nxb7 Rd2 26. Nc5 Rad8 27. a3 Rd1+ 28. Rxd1 Rxd1+ 29. Ka2 Bxh2 30. Nd3 Bg3 0-1

[Event "December 12 Early 2023"]
[Site "https://www.chess.com"]
[Date "2023.12.12"]
[Round "2"]
[White "Lopez Idarraga, Daniel Eduardo"]
[Black "Kourkoulos-Arditis, Stamatis"]
[Result "1/2-1/2"]
[Board "85"]
[TimeControl "180+1"]
[WhiteFideId "4405501"]
[BlackFideId "4221990"]
[WhiteElo "2454"]
[BlackElo "2716"]
[WhiteTeam "COL"]
[BlackTeam "GRE"]
[WhiteClock "0:00:59"]
[BlackClock "0:00:58"]

1. e4 Nf6 2. e5 Nd5 3. c4 Nb6 4. d4 d6 5. exd6 exd6 6. Bd3 Be7 7. Ne2 Nc6 8. Be3 O-O 9. O-O Bg4 10. Nbc3 Bf6 11. f3 Bh5 12. a3 Re8 13. Bf2 Bg6 14. b4 d5 15. c5 Bxd3 16. Qxd3 Nc4 17. Rfe1 a6 18. Nf4 Ne7 19. Nfxd5 Nxd5 20. Qxc4 Rxe1+ 21. Rxe1 Nxc3 22. Qxc3 Qd5 23. Qe3 g6 24. Qe4 Rd8 25. Qxd5 Rxd5 26. Re4 Kf8 27. Kf1 Bg7 28. Ke2 f5 29. Rh4 h5 30. Kd3 Bf6 31. Rh3 c6 32. f4 Kf7 33. Rf3 Rd8 34. h4 Re8 35. Re3 Rxe3+ 36. Kxe3 Ke6 37. Kd3 Kd5 38. g3 Bd8 39. Be3 a5 40. Bd2 a4 41. Be3 b6 42. Bd2 b5 43. Be3 Bf6 44. Bf2 Bg7 45. Be3 Bf6 46. Bf2 Bg7 47. Be3 Bf6 1/2-1/2

[Event "December 12 Early 2023"]
[Site "https://www.chess.com"]
[Date "2023.12.12"]
[Round "2"]
[White "Sourath Biswas"]
[Black "Xie, Bryan"]
[Result "1-0"]
[Board "86"]
[TimeControl "180+1"]
[WhiteFideId "35091484"]
[BlackFideId "30941296"]
[WhiteElo "2711"]
[BlackElo "2415"]
[WhiteTeam "IND"]
[BlackTeam "USA"]
[WhiteClock "0:00:26"]
[BlackClock "0:00:07"]

1. d4 d5 2. Bf4 Nf6 3. e3 Bf5 4. c4 c6 5. Qb3 Qc8 6. Nc3 e6 7. Rc1 Nbd7 8. cxd5 exd5 9. Nb5 Nc5 10. dxc5 cxb5 11. Bxb5+ Bd7 12. Nf3 Bxc5 13. Bd6 b6 14. Bxc5 bxc5 15. Bxd7+ Kxd7 16. O-O Re8 17. Qa3 Ne4 18. Rfd1 Qc6 19. Nd4 Qf6 20. Rxc5 Qxf2+ 21. Kh1 Nxc5 22. Qxc5 Rxe3 23. Qxd5+ Ke7 24. Nf5+ Kf6 25. Nxe3 Qxe3 26. Qxa8 Qe2 27. Qf3+ 1-0

[Event "December 12 Early 2023"]
[Site "https://www.chess.com"]
[Date "2023.12.12"]
[Round "2"]
[White "Federzoni, Enzo"]
[Black "KacperKacprzak"]
[Result "1-0"]
[Board "87"]
[TimeControl "180+1"]
[WhiteFideId "2173301"]
[WhiteElo "2415"]
[BlackElo "2709"]
[WhiteTeam "BRA"]
[WhiteClock "0:00:08"]
[BlackClock "0:00:04"]

1. e4 c5 2. Nf3 e6 3. d4 cxd4 4. Nxd4 a6 5. Bd3 Ne7 6. O-O Nbc6 7. Nxc6 Nxc6 8. b3 Be7 9. Bb2 Bf6 10. Bxf6 Qxf6 11. Nd2 O-O 12. Nc4 b5 13. Ne3 Bb7 14. f4 Qd4 15. Qe2 Nb4 16. Rad1 Nxd3 17. cxd3 f5 18. Kh1 Bc6 19. e5 Rac8 20. Rc1 Bb7 21. Rcd1 Rc7 22. h3 Rfc8 23. Rd2 Rc1 24. Rdd1 Rxd1 25. Nxd1 Rc1 26. Kh2 a5 27. Kh1 a4 28. Kh2 axb3 29. axb3 Bd5 30. Qd2 Ra1 31. Ne3 Rxf1 32. Nxf1 Bxb3 33. Kg3 Bc4 34. dxc4 Qxc4 35. Qxd7 h6 36. Ne3 Qb3 37. Kf3 b4 38. h4 Kh7 39. h5 Qa2 40. Qe8 b3 41. Qxe6 Qa8+ 42. Qd5 Qb8 43. Qf7 b2 44. Nxf5 Qa8+ 45. Kg3 Qg8 46. Qb7 Qf8 47. Nd6 Qe7 48. Qxb2 Qe6 49. Qc2+ Kh8 50. Qc8+ Qxc8 51. Nxc8 1-0

[Event "December 12 Early 2023"]
[Site "https://www.chess.com"]
[Date "2023.12.12"]
[Round "2"]
[White "Rosen, Eric"]
[Black "Mesquita, Eduardo Barbosa"]
[Result "1-0"]
[Board "88"]
[TimeControl "180+1"]
[WhiteFideId "2032562"]
[BlackFideId "22757163"]
[WhiteElo "2706"]
[BlackElo "2398"]
[WhiteTeam "USA"]
[BlackTeam "BRA"]
[WhiteClock "0:00:26"]
[BlackClock "0:00:05"]

1. e4 c5 2. Nc3 e6 3. f4 d5 4. Nf3 Nc6 5. Bb5 Ne7 6. exd5 exd5 7. Qe2 Be6 8. Bxc6+ bxc6 9. O-O h6 10. d3 g6 11. Qe5 Rg8 12. Rb1 Bg7 13. Qe2 Nf5 14. Na4 Kf8 15. Nxc5 Qb6 16. b4 a5 17. Be3 Re8 18. Ne5 Qc7 19. Nxe6+ Rxe6 20. Bc5+ Ke8 21. g4 Nh4 22. Qf2 Bf6 23. d4 a4 24. b5 g5 25. f5 Bxe5 26. dxe5 Rxe5 27. b6 Qb8 28. b7 Kd7 29. Ba7 Re2 30. Bxb8 Rxf2 31. Kxf2 Rxb8 32. Rfe1 Kd6 33. Re3 h5 34. h3 d4 35. Ra3 Ke5 36. Rxa4 c5 37. Ra8 1-0

[Event "December 12 Early 2023"]
[Site "https://www.chess.com"]
[Date "2023.12.12"]
[Round "2"]
[White "Komov, Roman"]
[Black "Gruzman, Ilya"]
[Result "0-1"]
[Board "89"]
[TimeControl "180+1"]
[WhiteFideId "24175714"]
[BlackFideId "2812703"]
[WhiteElo "2704"]
[BlackElo "2351"]
[WhiteTeam "RUS"]
[BlackTeam "ISR"]
[WhiteClock "0:00:14"]
[BlackClock "0:00:42"]

1. d4 Nf6 2. c4 g6 3. Nc3 Bg7 4. g3 O-O 5. Bg2 d6 6. Nf3 c5 7. d5 e6 8. O-O exd5 9. cxd5 a6 10. a4 Nbd7 11. e4 Qc7 12. Bf4 Ng4 13. Qc2 Nge5 14. Nd2 Rb8 15. a5 b5 16. axb6 Qxb6 17. Ra2 h6 18. Rfa1 g5 19. Be3 Qc7 20. h3 c4 21. Bf1 Nc5 22. Nxc4 Nb3 23. Nxe5 Nxa1 24. Rxa1 Bxe5 25. f4 gxf4 26. gxf4 Bg7 27. Rd1 Kh8 28. Kh1 Qb7 29. Rd2 Bd7 30. Bg2 Qc8 31. Qd3 Bxh3 32. Bd4 Bxd4 33. Qxd4+ Kh7 34. Qd3 Bxg2+ 35. Rxg2 Rg8 36. e5+ Kh8 37. Rh2 Qg4 38. Qe3 Rg6 39. f5 Qxf5 40. Rxh6+ Kg7 41. Rxg6+ Qxg6 0-1

[Event "December 12 Early 2023"]
[Site "https://www.chess.com"]
[Date "2023.12.12"]
[Round "2"]
[White "Munoz Sanchez, Miguel"]
[Black "Yaran, Siar"]
[Result "0-1"]
[Board "90"]
[TimeControl "180+1"]
[WhiteFideId "3600734"]
[BlackFideId "6323006"]
[WhiteElo "2347"]
[BlackElo "2702"]
[WhiteTeam "ECU"]
[BlackTeam "TUR"]
[WhiteClock "0:00:22"]
[BlackClock "0:00:49"]

1. d4 Nf6 2. Nf3 e6 3. g3 d5 4. Bg2 Be7 5. O-O O-O 6. c4 dxc4 7. Qc2 a6 8. Qxc4 b5 9. Qc2 Bb7 10. Bf4 Bd6 11. Bxd6 cxd6 12. Nc3 Nbd7 13. a3 Rc8 14. Qb3 Qb6 15. Rac1 Bxf3 16. Bxf3 Qxd4 17. Rfd1 Qb6 18. Qb4 d5 19. Qh4 Ne5 20. Bg2 Rc4 21. Qg5 Neg4 22. Rf1 h6 23. Qd2 Rfc8 24. h3 Ne5 25. Kh2 a5 26. f4 Ned7 27. g4 Nc5 28. Qe3 d4 29. Qg3 dxc3 30. bxc3 Nce4 31. Qh4 Rxc3 32. Rcd1 Qe3 33. Rf3 Qxe2 34. Rdf1 Rc2 0-1

[Event "December 12 Early 2023"]
[Site "https://www.chess.com"]
[Date "2023.12.12"]
[Round "2"]
[White "Manelyuk, Daniil"]
[Black "Hercegovac, Neven"]
[Result "1-0"]
[Board "91"]
[TimeControl "180+1"]
[WhiteFideId "44173920"]
[BlackFideId "2839135"]
[WhiteElo "2690"]
[BlackElo "2340"]
[WhiteTeam "RUS"]
[BlackTeam "ITA"]
[WhiteClock "0:01:11"]
[BlackClock "0:00:28"]

1. e4 e6 2. d4 d5 3. Nd2 c5 4. exd5 Qxd5 5. Ngf3 cxd4 6. Bc4 Qd7 7. O-O Nc6 8. Nb3 Nf6 9. Nbxd4 Nxd4 10. Nxd4 a6 11. Re1 Bc5 12. Be3 O-O 13. Nxe6 Qxd1 14. Raxd1 Bxe3 15. Nxf8 Bb6 16. Re7 Kxf8 17. Rxf7+ Ke8 18. Re1+ Kd8 19. Rf8+ Kc7 20. Re7+ Nd7 21. Rxg7 Bd4 22. Rxh7 b5 23. Be6 Ra7 24. Rf3 Kd6 25. Bxd7 Rxd7 26. Rxd7+ Bxd7 27. Rd3 Kc5 28. c3 1-0

[Event "December 12 Early 2023"]
[Site "https://www.chess.com"]
[Date "2023.12.12"]
[Round "2"]
[White "Barbot, Pierre"]
[Black "Chinguun, Sumiya"]
[Result "0-1"]
[Board "92"]
[TimeControl "180+1"]
[WhiteFideId "663727"]
[BlackFideId "4902572"]
[WhiteElo "2320"]
[BlackElo "2689"]
[WhiteTeam "FRA"]
[BlackTeam "MGL"]
[WhiteClock "0:00:17"]
[BlackClock "0:02:31"]

1. e4 c5 2. Nc3 Nc6 3. Bb5 Nd4 4. Nf3 a6 5. Bd3 Nc6 6. a4 d6 7. O-O g6 8. Ne2 Bg7 9. Ng3 Nf6 10. c3 O-O 11. Bc2 e5 12. d3 d5 13. exd5 Nxd5 14. Re1 h6 15. Ne4 b6 16. Bb3 Be6 17. Be3 Kh7 18. c4 Ndb4 19. Bc2 Nxc2 20. Qxc2 Nb4 21. Qd2 Qxd3 22. Red1 Qxe4 23. Qd6 Nc2 24. Nd2 Qb7 25. Qd3 Nxa1 26. Rxa1 Rad8 27. Qc2 Bf5 28. Qd1 e4 0-1

[Event "December 12 Early 2023"]
[Site "https://www.chess.com"]
[Date "2023.12.12"]
[Round "2"]
[White "Marcziter, Dmitrii"]
[Black "Poormosavi, Seyed Kian"]
[Result "0-1"]
[Board "93"]
[TimeControl "180+1"]
[WhiteFideId "13900765"]
[BlackFideId "12585807"]
[WhiteElo "2315"]
[BlackElo "2683"]
[WhiteTeam "GER"]
[BlackTeam "IRI"]
[WhiteClock "0:00:00"]
[BlackClock "0:00:01"]

1. d4 Nf6 2. Nf3 b6 3. c4 Bb7 4. Nc3 e6 5. a3 Be7 6. d5 exd5 7. cxd5 O-O 8. e4 Re8 9. Be2 c6 10. d6 Bf8 11. e5 Ng4 12. Bf4 g6 13. h3 Nh6 14. g4 f6 15. Qb3+ Kh8 16. O-O-O Ng8 17. Bc4 Bg7 18. Rhe1 Na6 19. Ne4 f5 20. Neg5 Nh6 21. gxf5 gxf5 22. Nf7+ Nxf7 23. Bxf7 Nc5 24. Qc2 Rf8 25. Bg5 Qc8 26. Ba2 Qe8 27. Be7 Qh5 28. Ng5 h6 29. h4 Ba6 30. f4 Rae8 31. b4 Ne4 32. Rxe4 fxe4 33. Qxe4 hxg5 34. hxg5 Rxe7 35. Rh1 Qh6 36. gxh6 Bxe5 37. fxe5 Rh7 38. Qg6 Rff7 39. Rg1 Rf8 40. e6 dxe6 0-1

[Event "December 12 Early 2023"]
[Site "https://www.chess.com"]
[Date "2023.12.12"]
[Round "2"]
[White "Volkov, Maksim"]
[Black "Ernst, Luca"]
[Result "1-0"]
[Board "94"]
[TimeControl "180+1"]
[WhiteFideId "54123070"]
[BlackFideId "45117055"]
[WhiteElo "2680"]
[BlackElo "2298"]
[WhiteTeam "RUS"]
[BlackTeam "FRA"]
[WhiteClock "0:01:39"]
[BlackClock "0:00:16"]

1. e4 c5 2. Nf3 Nc6 3. d4 cxd4 4. Nxd4 Nf6 5. Nc3 e5 6. Ndb5 d6 7. Bg5 a6 8. Na3 b5 9. Bxf6 gxf6 10. Nd5 Bg7 11. c3 Be6 12. Nc2 O-O 13. Nce3 Ne7 14. Be2 Bh6 15. O-O Bxe3 16. Nxf6+ Kh8 17. fxe3 Ng6 18. Bg4 Qb6 19. Qf3 Bxg4 20. Nxg4 f5 21. exf5 Nh4 22. Qe4 h5 23. Kh1 Qd8 24. f6 Rg8 25. Nh6 1-0

[Event "December 12 Early 2023"]
[Site "https://www.chess.com"]
[Date "2023.12.12"]
[Round "2"]
[White "Skibbe, Willi"]
[Black "Tokhirjonova, Gulrukhbegim"]
[Result "1-0"]
[Board "95"]
[TimeControl "180+1"]
[WhiteFideId "4682190"]
[BlackFideId "14203626"]
[WhiteElo "2287"]
[BlackElo "2679"]
[WhiteTeam "GER"]
[BlackTeam "USA"]
[WhiteClock "0:00:24"]
[BlackClock "0:00:03"]

1. e4 e5 2. Nf3 Nc6 3. c3 d5 4. Qa4 f6 5. d3 dxe4 6. dxe4 Bd6 7. Be3 Be6 8. Nbd2 Ne7 9. Bc4 Qd7 10. Qb3 Bxc4 11. Nxc4 Qg4 12. Nxd6+ cxd6 13. O-O Qxe4 14. Rfe1 Qd5 15. Qxb7 O-O 16. Red1 Qe6 17. Qb3 d5 18. Bc5 Rab8 19. Qa3 Rfc8 20. Rd2 Ng6 21. Rad1 Nf4 22. h3 Rb5 23. Be3 Ra5 24. Qb3 Rb8 25. Qc2 Rxa2 26. Bxf4 exf4 27. Qb1 Ra5 28. b4 Ne5 29. Nd4 Qd7 30. Qf5 Ra3 31. Qxd7 Nxd7 32. Nc6 Rb6 33. Rxd5 Rxc6 34. Rxd7 Rcxc3 35. Rb7 Rd3 36. Re1 Rd8 37. Ree7 Kf8 38. Rf7+ Ke8 39. Rbe7# 1-0

[Event "December 12 Early 2023"]
[Site "https://www.chess.com"]
[Date "2023.12.12"]
[Round "2"]
[White "Nagare Kaivalya Sandip"]
[Black "Cardozo Munar, Carlos Eduardo"]
[Result "1-0"]
[Board "96"]
[TimeControl "180+1"]
[WhiteFideId "25957929"]
[BlackFideId "4409477"]
[WhiteElo "2678"]
[BlackElo "2282"]
[WhiteTeam "IND"]
[BlackTeam "COL"]
[WhiteClock "0:02:34"]
[BlackClock "0:01:53"]

1. e4 e6 2. d4 d5 3. Nc3 Nf6 4. Bg5 Be7 5. e5 Nfd7 6. Bxe7 Qxe7 7. Qd2 c5 8. Nb5 Na6 9. Nd6+ Kf8 10. Bxa6 bxa6 11. c3 Rb8 12. Nf3 h5 13. O-O g6 14. b4 cxb4 15. cxb4 Kg7 16. Rfc1 Nb6 17. Ng5 Nc4 18. Qf4 Nxd6 19. exd6 Qe8 20. Rc7 Rb7 21. Qe5+ Kg8 22. Nxf7 Rh7 23. Nh6+ Kf8 24. Qf6+ 1-0

[Event "December 12 Early 2023"]
[Site "https://www.chess.com"]
[Date "2023.12.12"]
[Round "2"]
[White "Zavgorodniy, Sergiy"]
[Black "Daroczi, Donat"]
[Result "1-0"]
[Board "97"]
[TimeControl "180+1"]
[WhiteFideId "14110148"]
[BlackFideId "788376"]
[WhiteElo "2676"]
[BlackElo "2267"]
[WhiteTeam "UKR"]
[BlackTeam "HUN"]
[WhiteClock "0:01:34"]
[BlackClock "0:00:44"]

1. e4 Nc6 2. Nf3 d6 3. Bb5 g6 4. d4 a6 5. Bxc6+ bxc6 6. h3 Bg7 7. Nc3 Nf6 8. Bg5 O-O 9. Qd2 Rb8 10. O-O-O Be6 11. Rhe1 Qc8 12. e5 Nd5 13. Nxd5 Bxd5 14. Bxe7 Re8 15. exd6 Bxa2 16. Qa5 Be6 17. Qxc7 Qxc7 18. dxc7 Rb7 19. Rxe6 fxe6 20. Bd8 1-0

[Event "December 12 Early 2023"]
[Site "https://www.chess.com"]
[Date "2023.12.12"]
[Round "2"]
[White "Mishra, Manoj"]
[Black "Timerkhanov, Alexander"]
[Result "0-1"]
[Board "98"]
[TimeControl "180+1"]
[WhiteFideId "5006007"]
[BlackFideId "24177938"]
[WhiteElo "2253"]
[BlackElo "2674"]
[WhiteTeam "IND"]
[BlackTeam "RUS"]
[WhiteClock "0:00:01"]
[BlackClock "0:00:19"]

1. d4 d5 2. Bf4 c5 3. e3 Nc6 4. Nc3 cxd4 5. exd4 a6 6. Bd3 Nf6 7. Nce2 Bg4 8. f3 Bh5 9. c3 e6 10. g4 Bg6 11. h4 Bxd3 12. Qxd3 Bd6 13. Nh3 Qc7 14. O-O O-O-O 15. b4 Bxf4 16. Nhxf4 e5 17. Qf5+ Kb8 18. dxe5 Nxe5 19. Nd4 Nc4 20. Rfe1 Rhe8 21. b5 Ne3 22. Rxe3 Rxe3 23. bxa6 Qxc3 24. Rd1 Rde8 25. Qb1 R8e7 26. Nb5 Re1+ 27. Kg2 Qd2+ 28. Kg3 Ne4+ 29. fxe4 Qe3+ 30. Kg2 Qg1+ 31. Kf3 Re3# 0-1

[Event "December 12 Early 2023"]
[Site "https://www.chess.com"]
[Date "2023.12.12"]
[Round "2"]
[White "Makhnev, Denis"]
[Black "Rodriguez Avila, Alvaro"]
[Result "1-0"]
[Board "99"]
[TimeControl "180+1"]
[WhiteFideId "13707647"]
[BlackFideId "24570249"]
[WhiteElo "2673"]
[BlackElo "2248"]
[WhiteTeam "KAZ"]
[BlackTeam "ESP"]
[WhiteClock "0:01:20"]
[BlackClock "0:00:05"]

1. Nf3 Nf6 2. c4 e6 3. g3 d5 4. Bg2 Be7 5. O-O O-O 6. d4 dxc4 7. Ne5 c5 8. Na3 cxd4 9. Naxc4 Nc6 10. Bxc6 bxc6 11. Nxc6 Qe8 12. Nxe7+ Qxe7 13. Qxd4 Ba6 14. Bg5 Rfd8 15. Bxf6 Rxd4 16. Bxe7 Bxc4 17. Rfd1 Rxd1+ 18. Rxd1 Bxe2 19. Rd7 Bc4 20. a4 f6 21. b4 a6 22. Bc5 Bb3 23. a5 Bc4 24. f4 Bb5 25. Rd6 Re8 26. Kf2 Kf7 27. Ke3 Re7 28. Rb6 Rd7 29. Bd6 Bf1 30. Kd4 Be2 31. Kc5 Bf1 32. h4 Be2 33. g4 h5 34. gxh5 Bf1 35. Rb8 Be2 36. Rf8# 1-0

[Event "December 12 Early 2023"]
[Site "https://www.chess.com"]
[Date "2023.12.12"]
[Round "2"]
[White "Quirke, Jeffrey"]
[Black "Wadsworth, Matthew J"]
[Result "1/2-1/2"]
[Board "100"]
[TimeControl "180+1"]
[WhiteFideId "2013029"]
[BlackFideId "415804"]
[WhiteElo "2155"]
[BlackElo "2668"]
[WhiteTeam "USA"]
[BlackTeam "ENG"]
[WhiteClock "0:00:06"]
[BlackClock "0:00:06"]

1. e4 c5 2. c3 Nf6 3. e5 Nd5 4. Nf3 e6 5. d4 cxd4 6. cxd4 d6 7. Bc4 dxe5 8. Nxe5 Bb4+ 9. Bd2 Bxd2+ 10. Qxd2 Nc6 11. Nxc6 bxc6 12. O-O O-O 13. Nc3 a5 14. Ne4 Ba6 15. Rac1 Qb6 16. Bxa6 Rxa6 17. Rc4 Rb8 18. b3 h6 19. Rfc1 a4 20. Nc5 axb3 21. Nxa6 Qxa6 22. axb3 Rxb3 23. Rxc6 Qd3 24. Qxd3 Rxd3 25. R6c4 Nf4 26. Kf1 Rd2 27. g3 Nd5 28. R1c2 Rd1+ 29. Ke2 Rh1 30. h4 g5 31. hxg5 hxg5 32. Rc5 Kg7 33. Rxd5 exd5 34. Rc5 Ra1 35. Rxd5 Kf6 36. Rb5 Ra3 37. Re5 g4 38. Re3 Ra2+ 39. Kf1 Kf5 40. Rd3 Ke4 41. Rd1 Ra5 42. Ke2 f5 43. Rd2 Rd5 44. f3+ gxf3+ 45. Kf2 Rd8 46. Rd1 f4 47. Re1+ Kf5 48. Kxf3 fxg3 49. Rd1 g2 50. Kxg2 Ke4 51. Kf2 Rxd4 52. Rxd4+ Kxd4 1/2-1/2

[Event "December 12 Early 2023"]
[Site "https://www.chess.com"]
[Date "2023.12.12"]
[Round "2"]
[White "BestStelker"]
[Black "BestestBP"]
[Result "1-0"]
[Board "101"]
[TimeControl "180+1"]
[WhiteElo "2667"]
[BlackElo "2129"]
[WhiteClock "0:00:10"]
[BlackClock "0:00:00"]

1. d4 Nf6 2. Nf3 e6 3. Bf4 d5 4. e3 c5 5. c3 Bd6 6. Bg3 O-O 7. Bd3 Qc7 8. Nbd2 Nbd7 9. O-O Bxg3 10. hxg3 e5 11. dxe5 Nxe5 12. Nxe5 Qxe5 13. Nf3 Qc7 14. c4 dxc4 15. Bxc4 Bg4 16. Qb3 Ne4 17. Rfd1 Bxf3 18. gxf3 Nxg3 19. Bd5 Nf5 20. Qxb7 Qxb7 21. Bxb7 Rab8 22. Be4 Nh4 23. b3 f5 24. Bd5+ Kh8 25. f4 Rf6 26. Rac1 Ra6 27. a4 Rd6 28. Rxc5 Rbd8 29. Rdc1 g5 30. Bb7 gxf4 31. exf4 Rg6+ 32. Kf1 Rb6 33. Rc8 Rxc8 34. Rxc8+ Kg7 35. Rc7+ Kh6 36. Bd5 Ng6 37. Bg8 Nxf4 38. Rxh7+ Kg6 39. Rxa7 Nd3 40. Bc4 Nc5 41. a5 Rb4 42. a6 Nxb3 43. Be2 Nd2+ 44. Kg2 1-0

[Event "December 12 Early 2023"]
[Site "https://www.chess.com"]
[Date "2023.12.12"]
[Round "2"]
[White "Goltsev, Dmitry"]
[Black "Skiadopoulos, Nikolaos"]
[Result "1-0"]
[Board "102"]
[TimeControl "180+1"]
[WhiteFideId "24176710"]
[BlackFideId "4200772"]
[WhiteElo "2666"]
[BlackElo "1733"]
[WhiteTeam "RUS"]
[BlackTeam "GRE"]
[WhiteClock "0:01:01"]
[BlackClock "0:00:01"]

1. e4 c5 2. Nf3 Nc6 3. d4 cxd4 4. Nxd4 e5 5. Nf5 d5 6. Qxd5 Qxd5 7. exd5 Bxf5 8. dxc6 bxc6 9. Bd3 e4 10. Bc4 Nf6 11. Nc3 Bb4 12. Bd2 O-O-O 13. a3 Ba5 14. O-O-O Kb7 15. h3 h5 16. b4 Bb6 17. Be3 Bxe3+ 18. fxe3 Bg6 19. Na4 Kc7 20. Nc5 Nd5 21. Bxd5 Rxd5 22. Rxd5 cxd5 23. Rd1 Kc6 24. Kb2 h4 25. Kc3 Bh5 26. Rf1 Rh6 27. Kd4 f6 28. c4 dxc4 29. Nxe4 Rg6 30. Rf2 c3 31. Nxc3 Rg3 32. Ne4 Rg6 33. Rc2+ Kb6 34. Rc5 Bd1 35. Nc3 Rxg2 36. Nd5+ Ka6 37. Nf4 Ra2 38. Ra5+ Kb6 39. Ne6 g5 40. Nc5 g4 41. hxg4 h3 42. Nd7+ Kc7 43. Nxf6 h2 44. Rxa7+ Kd6 45. Ne4+ Kc6 46. Rh7 Bxg4 47. Rh6+ Kc7 48. b5 Rxa3 49. b6+ Kb8 50. Nc5 Ra2 51. Rh8+ Bc8 52. b7 h1=Q 53. Rxc8+ Ka7 54. b8=Q# 1-0

[Event "December 12 Early 2023"]
[Site "https://www.chess.com"]
[Date "2023.12.12"]
[Round "2"]
[White "Tilahun , Abel Mathewos"]
[Black "Fedoseev, Vladimir"]
[Result "0-1"]
[Board "103"]
[TimeControl "180+1"]
[WhiteFideId "15702391"]
[BlackFideId "24130737"]
[WhiteElo "2085"]
[BlackElo "3048"]
[WhiteTeam "ETH"]
[BlackTeam "SLO"]
[WhiteClock "0:00:00"]
[BlackClock "0:01:45"]

1. d4 Nf6 2. c4 e6 3. Nf3 b6 4. Nc3 Bb4 5. Bd2 Bb7 6. a3 Bxc3 7. Bxc3 Ne4 8. Qc2 O-O 9. g3 Ng5 10. Bg2 Nxf3+ 11. Bxf3 Bxf3 12. exf3 d5 13. c5 bxc5 14. dxc5 d4 15. Bd2 Qd5 16. O-O Nd7 17. f4 d3 18. Qc1 Nxc5 19. Bb4 Nb3 20. Qe3 c5 21. Bc3 Nxa1 22. Rxa1 Rfd8 23. Rd1 c4 24. h4 a5 25. Kh2 Rac8 26. Rd2 Qc5 27. Qf3 Rd5 28. Qg4 g6 29. Qf3 Kf8 30. Qg4 h5 31. Qf3 Ke7 32. Qe4 Qc6 33. Qe3 Rc7 34. Qf3 Kd7 35. Qe3 Kc8 36. Be5 Rcd7 37. Bc3 Kb7 38. Qf3 a4 39. Qe3 Rb5 40. Qe1 Rdd5 41. Qe4 Rb3 42. Qe1 Rdb5 43. Qe3 Rxc3 44. bxc3 Rb1 45. f3 Qd5 0-1

[Event "December 12 Early 2023"]
[Site "https://www.chess.com"]
[Date "2023.12.12"]
[Round "2"]
[White "Lopusiewicz, Piotr"]
[Black "Kamsky, Gata"]
[Result "0-1"]
[Board "104"]
[TimeControl "180+1"]
[WhiteFideId "1116029"]
[BlackFideId "2000024"]
[WhiteElo "2445"]
[BlackElo "2917"]
[WhiteTeam "POL"]
[BlackTeam "USA"]
[WhiteClock "0:01:27"]
[BlackClock "0:02:06"]

1. d4 f5 2. Bf4 Nf6 3. e3 g6 4. h4 h6 5. Qf3 d6 6. Nc3 Nc6 7. Bc4 e6 8. Qg3 Rg8 9. O-O-O Qe7 10. f3 Bd7 11. e4 Nh5 12. Qh2 Nxf4 13. Qxf4 O-O-O 14. Nge2 Bg7 15. exf5 gxf5 16. Rhe1 Qf6 17. Qd2 h5 18. Bb5 Bh6 19. Nf4 Qxh4 20. Nce2 e5 21. g3 Qf6 22. dxe5 dxe5 23. Qc3 Rgf8 0-1

[Event "December 12 Early 2023"]
[Site "https://www.chess.com"]
[Date "2023.12.12"]
[Round "2"]
[White "Leenhouts, Koen"]
[Black "Bardyk, Artem"]
[Result "1-0"]
[Board "105"]
[TimeControl "180+1"]
[WhiteFideId "1008439"]
[BlackFideId "34349979"]
[WhiteElo "2515"]
[BlackElo "2772"]
[WhiteTeam "NED"]
[BlackTeam "RUS"]
[WhiteClock "0:00:27"]
[BlackClock "0:00:33"]

1. d4 d5 2. c4 e6 3. Nc3 c5 4. Nf3 cxd4 5. Nxd4 e5 6. Nf3 d4 7. Ne4 Nf6 8. Nxf6+ Qxf6 9. g3 e4 10. Nxd4 Bb4+ 11. Bd2 e3 12. fxe3 Bd6 13. Bg2 h5 14. Bc3 Be5 15. Rf1 Qg6 16. Qd3 h4 17. Qxg6 fxg6 18. O-O-O hxg3 19. hxg3 a6 20. Be4 Rh6 21. Rh1 Bxg3 22. Rxh6 gxh6 23. Bxg6+ Ke7 24. Bf5 Nc6 25. Bxc8 Nxd4 26. Bg4 Ne6 27. Bb4+ Kf6 28. Rf1+ Ke5 29. Bc3+ Kd6 30. Rf6 Re8 31. Rxh6 Bf2 32. Kd2 Kd7 33. Kd3 Bg3 34. b4 b6 35. a4 Bd6 36. Ke4 1-0

[Event "December 12 Early 2023"]
[Site "https://www.chess.com"]
[Date "2023.12.12"]
[Round "2"]
[White "Gatterer, Florian"]
[Black "Srihari L R"]
[Result "0-1"]
[Board "106"]
[TimeControl "180+1"]
[WhiteFideId "811688"]
[BlackFideId "46617116"]
[WhiteElo "2442"]
[BlackElo "2744"]
[WhiteTeam "ITA"]
[BlackTeam "IND"]
[WhiteClock "0:00:00"]
[BlackClock "0:00:31"]

1. Nf3 g6 2. e4 Bg7 3. d4 d6 4. Bd3 Nf6 5. O-O O-O 6. Re1 Nc6 7. d5 Nb8 8. c4 e5 9. dxe6 Bxe6 10. h3 a5 11. Nc3 Na6 12. Bg5 h6 13. Be3 Nd7 14. Bd4 Ne5 15. Nxe5 dxe5 16. Be3 c6 17. b3 f5 18. Na4 f4 19. Bb6 Qg5 20. Kh2 Nb4 21. Bf1 Rfe8 22. a3 Na6 23. Nc5 Nxc5 24. Bxc5 Rad8 25. Qf3 Bf8 26. Bxf8 Kxf8 27. Red1 h5 28. Qc3 b6 29. Be2 c5 30. b4 axb4 31. axb4 Rd4 32. bxc5 bxc5 33. Qa5 Qe7 34. Rxd4 exd4 35. Bd3 g5 36. f3 g4 37. hxg4 hxg4 38. fxg4 Kg7 39. Qb6 Bxg4 40. Ra7 Bd7 41. e5 Qh4+ 42. Kg1 Qe1+ 43. Bf1 Qe3+ 44. Kh2 Rh8+ 0-1

[Event "December 12 Early 2023"]
[Site "https://www.chess.com"]
[Date "2023.12.12"]
[Round "2"]
[White "Kozelov, Roman"]
[Black "Martinez Ramirez, Lennis"]
[Result "0-1"]
[Board "107"]
[TimeControl "180+1"]
[WhiteFideId "14133377"]
[BlackFideId "3509079"]
[WhiteElo "2425"]
[BlackElo "2696"]
[WhiteTeam "UKR"]
[BlackTeam "CUB"]
[WhiteClock "0:00:00"]
[BlackClock "0:01:21"]

1. e4 e5 2. d4 exd4 3. c3 Qe7 4. Bd3 d5 5. Qe2 Nf6 6. e5 Ne4 7. cxd4 Qb4+ 8. Nd2 Nc6 9. Nf3 Nxd4 10. Nxd4 Qxd4 11. Nxe4 dxe4 12. Qxe4 Bb4+ 13. Kf1 Qb6 14. Be3 Bc5 15. Rd1 Bxe3 16. fxe3 Qxb2 17. Rb1 Qxa2 18. Bc4 Qd2 19. Bb5+ Bd7 0-1